NWL (28 & UNDER)
MENLO MANIACS @ CULVER CITY EXTRAS
07/10/2026
 
TOP OF THE 1ST
Menlo Maniacs batting - Pitching for Culver City Extras : RHP Ryan Balloun
Pitching: RHP Ryan Balloun
Batting: RHB Daryl Floyd 0-0: Called Strike
0-1: SINGLE (Line Drive, 6D)
Batting: RHB Steve Sampson 0-0: Called Strike
0-1: Called Strike
0-2: Ball
1-2: Strikes out looking
Batting: LHB Arthur Hall 0-0: Ball
Daryl Floyd steals 2nd base
1-0: Foul Ball, location: 2F
Single, Error in OF, E9, batter to second base
Daryl Floyd scores
Batting: LHB Marcos Pérez 0-0: Called Strike
Arthur Hall is caught stealing 3rd base
0-1: Foul Ball, location: 2F
0-2: Strikes out swinging
Top of the 1st over - 1 run(s), 2 hit(s), 1 error(s), 0 left on base; Menlo 1 - Culver City 0
BOTTOM OF THE 1ST
Culver City Extras batting - Pitching for Menlo Maniacs : RHP José Ramírez
Pitching: RHP José Ramírez
Batting: RHB Víctor Arredondo 0-0: Foul Ball, location: 2F
0-1: Ball
1-1: SINGLE (Groundball, 23) (infield hit)
Batting: LHB Nick English 0-0: Ball
1-0: Ball
2-0: Ball
3-0: Base on Balls
Víctor Arredondo to second
Batting: LHB Edmund Ross 0-0: Ball
1-0: Foul Ball, location: 2F
1-1: Foul Ball, location: 2F
1-2: Fielders Choice at 2nd, 1-6 (Groundball, 23)
Víctor Arredondo to third
Batting: RHB Max Alexander 0-0: Ball
1-0: Ball
2-0: Ball
3-0: Called Strike
3-1: Foul Ball, location: 2F
3-2: Hit by Pitch
Edmund Ross to second
Batting: LHB Richard Bell 0-0: Fly out, F8 (Flyball, 8LXD)
Runner from 3rd tags up, SCORES, no throw
Edmund Ross to third
Batting: RHB Artie Pennington 0-0: Called Strike
0-1: Foul Ball, location: 2F
0-2: Ball
1-2: Ball
2-2: Ball
3-2: SINGLE (Groundball, 34D)
Edmund Ross scores
Max Alexander to second
Max Alexander to third
Batting: RHB Lorne Witcher 0-0: Ball
1-0: Ball
2-0: SINGLE (Line Drive, 9S)
Max Alexander scores
Artie Pennington to second
Batting: RHB Bob Magee 0-0: Ball
1-0: Foul Ball, location: 2F
1-1: Swinging Strike
1-2: Ball
2-2: Ball
3-2: Base on Balls
Artie Pennington to third
Lorne Witcher to second
Batting: RHB Jesús Gonzáles 0-0: Ball
1-0: Foul Ball, location: 2F
1-1: Foul Ball, location: 2F
1-2: Ball
2-2: Foul Ball, location: 2F
2-2: Foul Ball, location: 2F
2-2: SINGLE (Line Drive, 34D)
Artie Pennington scores
Lorne Witcher to third
Bob Magee to second
Runner from 3rd tries for Home, SAFE, no throw or cutoff
Batting: RHB Víctor Arredondo 0-0: Ball
1-0: Ball
2-0: Called Strike
2-1: Foul Ball, location: 2F
2-2: SINGLE (Line Drive, 7S)
Bob Magee to third
Jesús Gonzáles to second
Batting: LHB Nick English 0-0: Called Strike
0-1: Ball
1-1: Called Strike
1-2: Ball
2-2: Foul Ball, location: 2F
2-2: Ball
3-2: Base on Balls
Bob Magee scores
Jesús Gonzáles to third
Víctor Arredondo to second
Batting: LHB Edmund Ross 0-0: Foul Ball, location: 2F
0-1: Ground out 6-3 (Groundball, 6)
Bottom of the 1st over - 6 run(s), 5 hit(s), 0 error(s), 3 left on base; Menlo 1 - Culver City 6
TOP OF THE 2ND
Menlo Maniacs batting - Pitching for Culver City Extras : RHP Ryan Balloun
Batting: RHB Júlio Trinidad 0-0: Called Strike
0-1: Ball
1-1: Foul Ball, location: 2F
1-2: Foul Ball, location: 2F
1-2: Foul Ball, location: 2F
1-2: Ball
2-2: SINGLE (Groundball, 5)
Batting: RHB Jesús Cuevas 0-0: Fly out, F5 (Popup, 56)
Batting: LHB Paul Alexander 0-0: Ball
1-0: Fly out, F7 (Line Drive, 7S)
Batting: RHB Robert Downing 0-0: Swinging Strike
0-1: Foul Ball, location: 2F
0-2: Ball
1-2: Strikes out swinging
Top of the 2nd over - 0 run(s), 1 hit(s), 0 error(s), 1 left on base; Menlo 1 - Culver City 6
BOTTOM OF THE 2ND
Culver City Extras batting - Pitching for Menlo Maniacs : RHP José Ramírez
Batting: RHB Max Alexander 0-0: Ball
1-0: Swinging Strike
1-1: Called Strike
1-2: Foul Ball, location: 2F
1-2: SINGLE (Groundball, 5)
Batting: LHB Richard Bell 0-0: Foul Ball, location: 2F
0-1: Called Strike
0-2: Hit by Pitch
Max Alexander to second
Batting: RHB Artie Pennington 0-0: Called Strike
0-1: Swinging Strike
0-2: Foul Ball, location: 2F
0-2: Ball
1-2: Ball
2-2: Foul Ball, location: 2F
2-2: Foul Ball, location: 2F
2-2: Ball
3-2: Fly out, F7 (Flyball, 7S)
Batting: RHB Lorne Witcher 0-0: Ball
1-0: Called Strike
1-1: Swinging Strike
1-2: Grounds into double play, 6-4-3 (Groundball, 6)
Bottom of the 2nd over - 0 run(s), 1 hit(s), 0 error(s), 1 left on base; Menlo 1 - Culver City 6
TOP OF THE 3RD
Menlo Maniacs batting - Pitching for Culver City Extras : RHP Ryan Balloun
Batting: RHB Gilberto León 0-0: Reached on error, E4 (Groundball, 4M)
Batting: RHB Daryl Floyd 0-0: Called Strike
0-1: Ball
1-1: Ball
2-1: Foul Ball, location: 2F
2-2: Foul Ball, location: 2F
2-2: Strikes out swinging
Batting: RHB Steve Sampson 0-0: Ball
1-0: Called Strike
1-1: Called Strike
1-2: Ball
2-2: Ball
3-2: Base on Balls
Batting: LHB Arthur Hall 0-0: Called Strike
0-1: Ball
1-1: Ball
2-1: Foul Ball, location: 2F
2-2: Foul Ball, location: 2F
2-2: Ball
3-2: Foul Ball, location: 2F
3-2: Base on Balls
Gilberto León to third
Steve Sampson to second
Batting: LHB Marcos Pérez 0-0: Called Strike
0-1: Ball
1-1: Ball
2-1: Foul Ball, location: 2F
2-2: Ball
3-2: Foul Ball, location: 2F
3-2: Foul Ball, location: 2F
3-2: Foul Ball, location: 2F
3-2: Fly out, F7 (Line Drive, 7D)
Runner from 3rd tags up, SCORES, no throw
Steve Sampson to third
Batting: RHB Júlio Trinidad 0-0: Ball
1-0: Ball
2-0: Called Strike
2-1: SINGLE (Groundball, 56D)
Steve Sampson scores
Arthur Hall to second
Batting: RHB Jesús Cuevas 0-0: Foul Ball, location: 2F
0-1: Swinging Strike
0-2: Foul Ball, location: 2F
0-2: Fly out, F2 (Popup, 2R)
Top of the 3rd over - 2 run(s), 1 hit(s), 1 error(s), 2 left on base; Menlo 3 - Culver City 6
BOTTOM OF THE 3RD
Culver City Extras batting - Pitching for Menlo Maniacs : RHP José Ramírez
Batting: RHB Bob Magee 0-0: Called Strike
0-1: Fly out, F7 (Flyball, 78M)
Batting: RHB Jesús Gonzáles 0-0: Ball
1-0: Ball
2-0: Swinging Strike
2-1: Swinging Strike
2-2: Strikes out swinging
Batting: RHB Víctor Arredondo 0-0: Ball
1-0: Ball
2-0: Ball
3-0: Base on Balls
Batting: LHB Nick English 0-0: Ball
Wild Pitch!
Víctor Arredondo to second
1-0: Called Strike
1-1: Foul Ball, location: 2F
1-2: Ball
2-2: Ground out U3 (Groundball, 3S)
Bottom of the 3rd over - 0 run(s), 0 hit(s), 0 error(s), 1 left on base; Menlo 3 - Culver City 6
TOP OF THE 4TH
Menlo Maniacs batting - Pitching for Culver City Extras : RHP Ryan Balloun
Batting: LHB Paul Alexander 0-0: Ball
1-0: Swinging Strike
1-1: Foul Ball, location: 2F
1-2: Ground out 4-3 (Groundball, 4)
Batting: RHB Robert Downing 0-0: Ball
1-0: SINGLE (Line Drive, 56)
Batting: RHB Gilberto León 0-0: Ball
1-0: Ball
2-0: Ball
3-0: Called Strike
3-1: Called Strike
3-2: Foul Ball, location: 2F
3-2: Ground out 1-3 (Groundball, 15)
Robert Downing to second
Batting: RHB Daryl Floyd 0-0: Called Strike
0-1: Ball
1-1: Ball
2-1: Called Strike
2-2: Ball
3-2: Strikes out looking
Top of the 4th over - 0 run(s), 1 hit(s), 0 error(s), 1 left on base; Menlo 3 - Culver City 6
BOTTOM OF THE 4TH
Culver City Extras batting - Pitching for Menlo Maniacs : RHP José Ramírez
Batting: LHB Edmund Ross 0-0: Called Strike
0-1: Ball
1-1: Ball
2-1: Ball
3-1: DOUBLE (Line Drive, 56D)
Pitching: LHP Sam McMillan
Batting: RHB Max Alexander 0-0: Called Strike
0-1: Ball
1-1: Ball
2-1: Ball
3-1: Base on Balls
Batting: LHB Richard Bell 0-0: Grounds into double play, 4-6-3 (Groundball, 4)
Edmund Ross to third
Batting: RHB Artie Pennington 0-0: Ball
1-0: Ground out 6-3 (Groundball, 6)
Bottom of the 4th over - 0 run(s), 1 hit(s), 0 error(s), 1 left on base; Menlo 3 - Culver City 6
TOP OF THE 5TH
Menlo Maniacs batting - Pitching for Culver City Extras : RHP Ryan Balloun
Batting: RHB Steve Sampson 0-0: Foul Ball, location: 2F
0-1: Ball
1-1: Foul Ball, location: 2F
1-2: Fly out, F9 (Flyball, 9LD)
Batting: LHB Arthur Hall 0-0: Foul Ball, location: 2F
0-1: Ball
1-1: Ball
2-1: Ball
3-1: Foul Ball, location: 2F
3-2: Base on Balls
Batting: LHB Marcos Pérez 0-0: Ball
1-0: Ball
2-0: Ball
3-0: Called Strike
3-1: Fly out, F7 (Flyball, 7S)
Pitching: RHP José González
Batting: RHB Júlio Trinidad 0-0: Ball
1-0: Called Strike
1-1: Ball
Arthur Hall is caught stealing 2nd base
Top of the 5th over - 0 run(s), 0 hit(s), 0 error(s), 0 left on base; Menlo 3 - Culver City 6
BOTTOM OF THE 5TH
Culver City Extras batting - Pitching for Menlo Maniacs : LHP Sam McMillan
Batting: RHB Lorne Witcher 0-0: Swinging Strike
0-1: Swinging Strike
0-2: Strikes out swinging
Batting: RHB Bob Magee 0-0: Called Strike
0-1: Ball
1-1: Called Strike
1-2: Foul Ball, location: 2F
1-2: Foul Ball, location: 2F
1-2: Ground out U3 (Groundball, 3S)
Batting: RHB Jesús Gonzáles 0-0: Foul Ball, location: 2F
0-1: Ball
1-1: Swinging Strike
1-2: Strikes out swinging
Bottom of the 5th over - 0 run(s), 0 hit(s), 0 error(s), 0 left on base; Menlo 3 - Culver City 6
TOP OF THE 6TH
Menlo Maniacs batting - Pitching for Culver City Extras : RHP José González
Batting: RHB Júlio Trinidad 0-0: Called Strike
0-1: Ground out 4-3 (Groundball, 4M)
Batting: RHB Jesús Cuevas 0-0: Called Strike
0-1: Ball
1-1: Ball
2-1: Swinging Strike
2-2: Foul Ball, location: 2F
2-2: Ball
3-2: Strikes out swinging
Batting: LHB Paul Alexander 0-0: Called Strike
0-1: Ball
1-1: Ball
2-1: Swinging Strike
2-2: Foul Ball, location: 2F
2-2: Strikes out looking
Top of the 6th over - 0 run(s), 0 hit(s), 0 error(s), 0 left on base; Menlo 3 - Culver City 6
BOTTOM OF THE 6TH
Culver City Extras batting - Pitching for Menlo Maniacs : LHP Sam McMillan
Batting: RHB Víctor Arredondo 0-0: Foul Ball, location: 2F
0-1: Foul Ball, location: 2F
0-2: Ball
1-2: Ball
2-2: Ball
3-2: Base on Balls
Batting: LHB Nick English 0-0: Ball
1-0: Called Strike
1-1: Foul Ball, location: 2F
1-2: Ball
2-2: Foul Ball, location: 2F
2-2: Strikes out swinging
Batting: LHB Edmund Ross 0-0: Called Strike
0-1: Ball
1-1: Ball
2-1: Called Strike
2-2: Ball
3-2: Foul Ball, location: 2F
3-2: Strikes out swinging
Batting: RHB Max Alexander 0-0: Fly out, F7 (Flyball, 7D)
Bottom of the 6th over - 0 run(s), 0 hit(s), 0 error(s), 1 left on base; Menlo 3 - Culver City 6
TOP OF THE 7TH
Menlo Maniacs batting - Pitching for Culver City Extras : RHP José González
Batting: RHB Robert Downing 0-0: Foul Ball, location: 2F
0-1: Ball
1-1: Ball
2-1: Foul Ball, location: 2F
2-2: Foul Ball, location: 2F
2-2: Ground out 1-6-3 (Groundball, 15S)
Batting: RHB Gilberto León 0-0: SINGLE (Groundball, 34D)
Batting: RHB Daryl Floyd 0-0: Ball
1-0: Foul Ball, location: 2F
1-1: Called Strike
1-2: Ball
2-2: Ball
3-2: Strikes out swinging
Batting: RHB Steve Sampson Pickoff Throw to First - Out!
Top of the 7th over - 0 run(s), 1 hit(s), 0 error(s), 0 left on base; Menlo 3 - Culver City 6
BOTTOM OF THE 7TH
Culver City Extras batting - Pitching for Menlo Maniacs : LHP Sam McMillan
Batting: LHB Richard Bell 0-0: SINGLE (Line Drive, 78S)
Pitching: RHP Steve Poe
Batting: RHB Artie Pennington 0-0: Called Strike
0-1: Swinging Strike
0-2: Strikes out swinging
Batting: RHB Lorne Witcher 0-0: Called Strike
0-1: Ball
1-1: Ball
2-1: Ball
3-1: Base on Balls
Richard Bell to second
Batting: RHB Bob Magee 0-0: Ball
1-0: Ball
2-0: Foul Ball, location: 2F
2-1: Ball
3-1: Swinging Strike
3-2: Base on Balls
Richard Bell to third
Lorne Witcher to second
Pinch Hitting: RHB Tony Cruz 0-0: Ball
1-0: Swinging Strike
1-1: Foul Ball, location: 2F
1-2: Ball
2-2: Ball
3-2: Base on Balls
Richard Bell scores
Lorne Witcher to third
Bob Magee to second
Batting: RHB Víctor Arredondo 0-0: Ball
1-0: Called Strike
1-1: Ball
2-1: Ball
3-1: Foul Ball, location: 2F
3-2: Strikes out swinging
Batting: LHB Nick English 0-0: Foul Ball, location: 2F
0-1: Ball
1-1: Swinging Strike
1-2: Ball
2-2: Foul Ball, location: 2F
Balk!
Lorne Witcher scores
Bob Magee to third
Tony Cruz to second
2-2: Ground out 4-3 (Groundball, 4M)
Bottom of the 7th over - 2 run(s), 1 hit(s), 0 error(s), 2 left on base; Menlo 3 - Culver City 8
TOP OF THE 8TH
Menlo Maniacs batting - Pitching for Culver City Extras : RHP José González
Pitching: RHP Sergio Romo
Now at 2B: Brian Ford
Batting: RHB Steve Sampson 0-0: SINGLE (Groundball, 34)
Batting: LHB Arthur Hall 0-0: Ball
1-0: Ball
2-0: SINGLE (Line Drive, 8LS)
Steve Sampson to second
Batting: LHB Marcos Pérez 0-0: Fielders Choice at 2nd, 3-6 (Groundball, 3)
Steve Sampson to third
Batting: RHB Júlio Trinidad 0-0: Ball
1-0: Called Strike
1-1: Called Strike
1-2: Ball
2-2: Strikes out swinging
Batting: RHB Jesús Cuevas 0-0: Ball
1-0: Foul Ball, location: 2F
1-1: Reached on error, E6 (Groundball, 6)
Steve Sampson scores
Marcos Pérez to second
Pitching: RHP Pedro Días
Batting: LHB Paul Alexander 0-0: Called Strike
0-1: Swinging Strike
0-2: Strikes out swinging
Top of the 8th over - 1 run(s), 2 hit(s), 1 error(s), 2 left on base; Menlo 4 - Culver City 8
BOTTOM OF THE 8TH
Culver City Extras batting - Pitching for Menlo Maniacs : RHP Steve Poe
Batting: LHB Edmund Ross 0-0: Swinging Strike
0-1: Swinging Strike
0-2: Ball
1-2: Strikes out looking
Batting: RHB Max Alexander 0-0: Ball
1-0: Ball
2-0: Ball
3-0: Base on Balls
Batting: LHB Richard Bell 0-0: Ball
1-0: Called Strike
1-1: Swinging Strike
1-2: Foul Ball, location: 2F
1-2: Ball
2-2: Ball
3-2: Foul Ball, location: 2F
3-2: Fly out, F7 (Flyball, 7M)
Batting: RHB Artie Pennington 0-0: Called Strike
0-1: Called Strike
0-2: Ball
1-2: Strikes out swinging
Bottom of the 8th over - 0 run(s), 0 hit(s), 0 error(s), 1 left on base; Menlo 4 - Culver City 8
TOP OF THE 9TH
Menlo Maniacs batting - Pitching for Culver City Extras : RHP Pedro Días
Batting: RHB Robert Downing 0-0: Called Strike
0-1: Foul Ball, location: 2F
0-2: Strikes out swinging
Batting: RHB Gilberto León 0-0: Called Strike
0-1: Swinging Strike
0-2: Foul Ball, location: 2F
0-2: SOLO HOME RUN (Flyball, 7D), Distance : 355 ft
Pitching: LHP Cliff Williams
Batting: RHB Daryl Floyd 0-0: Ball
1-0: Ball
2-0: Ball
3-0: Called Strike
3-1: Foul Ball, location: 2F
3-2: SINGLE (Groundball, 6) (infield hit)
Batting: RHB Steve Sampson 0-0: Swinging Strike
0-1: Foul Ball, location: 2F
0-2: SINGLE (Groundball, 6MD)
Daryl Floyd to second
Runner from 2nd tries for 3rd, SAFE, no throw or cutoff
Batting: LHB Arthur Hall 0-0: Swinging Strike
0-1: Ball
1-1: Ball
2-1: Foul Ball, location: 2F
2-2: Strikes out looking
Batting: LHB Marcos Pérez 0-0: Foul Ball, location: 2F
0-1: Ball
1-1: Ball
2-1: Called Strike
2-2: Fly out, F7 (Flyball, 7D)
Top of the 9th over - 1 run(s), 3 hit(s), 0 error(s), 2 left on base; Menlo 5 - Culver City 8
Monday, December 5th, 2016 - OOTP Baseball 17.12 Build 75